AoeStats
← M@nqu!to

Arabia

506318909Analyzed
1v1 RM · 18d ago on Sep 13, 2026· 31m 16s· 2 players
Game mode
Random Map
Map size
Tiny (2 player)
Population
200
Speed
Normal
Resources
Standard
Victory
Conquest
Starting age
Dark Age
Ending age
Imperial Age
RankedLock teamsTeams togetherTeam positionsShared explorationLock speedFull tech treeHidden civsTurbo modeCheats
Victory
Defeat
🇦🇷 Bengalis · Argentina
1251
+16
🇵🇪 Shu · Peru
1256
-16
Cavegol
5:00 Loom
11:47 Feudal Age
12:19 Double-Bit Axe
12:17 Horse Collar
14:00 Wheelbarrow
18:00 Forging
21:49 Castle Age
19:53 Gold Mining
20:47 Scale Barding Armor
21:20 Bloodlines
22:34 Husbandry
22:57 Chain Barding Armor
23:05 Bow Saw
23:31 Heavy Plow
26:31 Iron Casting
28:13 Light Cavalry
30:17 Pikeman
31:04 Scale Mail Armor
31:39 Squires
M@nqu!to
6:26 Loom
10:43 Feudal Age
13:38 Man-at-Arms
19:11 Double-Bit Axe
19:59 Fletching
20:09 Padded Archer Armor
25:31 Castle Age
24:47 Scale Mail Armor
24:58 Forging
25:40 Pikeman
26:22 Squires
Connection lost

Rejoining the realm…

Still unreachable

The connection could not be restored.

Session expired

The server has moved on; the page needs a fresh start.